General information
- name: BNet
- type: Ladder team game (AT/RT)
- host: Battle.net
- saver: OldManWinter
map: Deadlock
- players: 8
- length: 57:37
- speed: Fast
- version: 1.26 W3XP
- replay type: Public
» download(302 KB)
Players
team 1 (winner)
AliveToKill (
teal | 44 APM | 2516 actions | 57:36)
7 Blademaster
3 Wind Walk
3 Critical Strike
1 Bladestorm
5 Tauren Chieftain
2 War Stomp
3 Endurance Aura
» actions
| Build / train | 79 | |
| Enter build submenu | 23 | |
| Enter hero's abilities submenu | 12 | |
| Give item / drop item | 1 | |
| Right click | 1608 | |
| Select / deselect | 624 | |
| Use ability | 169 | |
2516 total
» units
| Peon | 17 | |
| Grunt | 4 | |
| Shaman | 8 | |
| Tauren | 5 | |
| Troll Batrider | 9 | |
43 total
» upgrades
| Shaman Training | 2 | |
| Pulverize | 1 | |
| Ranged Weapons | 1 | |
| Armor | 1 | |
5 total
» buildings
| Altar of Storms | 1 | |
| Orc Burrow | 9 | |
| Voodoo Lounge | 1 | |
| Barracks | 1 | |
| War Mill | 1 | |
| Stronghold | 1 | |
| Spirit Lodge | 1 | |
| Fortress | 1 | |
| Great Hall | 2 | |
| Tauren Totem | 2 | |
| Watch Tower | 2 | |
| Beastiary | 2 | |
24 total
» build order
00:22 Altar of Storms
00:36 Orc Burrow
01:08 Voodoo Lounge
01:40 Barracks
01:48 War Mill
02:00 Orc Burrow
03:26 Stronghold
03:58 Orc Burrow
04:49 Orc Burrow
05:59 Spirit Lodge
06:01 Fortress
07:33 Orc Burrow
08:49 Great Hall
09:03 Tauren Totem
09:06 Tauren Totem
09:25 Watch Tower
09:31 Watch Tower
12:22 Orc Burrow
15:34 Beastiary
15:36 Beastiary
18:51 Orc Burrow
18:54 Orc Burrow
18:56 Orc Burrow
36:42 Great Hall
» items
| Healing Salve | 2 | |
| Lesser Clarity Potion | 3 | |
| Scroll of Speed | 1 | |
| Circlet of Nobility | 1 | |
| Boots of Speed | 1 | |
| Scroll of Town Portal | 4 | |
| Orb of Lightning | 1 | |
| Scroll of Regeneration | 1 | |
| Potion of Healing | 1 | |
15 total
naggersnjuice (
green | 203 APM | 3217 actions | 15:52)
3 Death Knight
2 Death Coil
1 Unholy Aura
1 Pit Lord
1 Howl of Terror
» actions
| Assign group hotkey | 48 | |
| Basic commands | 28 | |
| Build / train | 105 | |
| ESC pressed | 1 | |
| Enter build submenu | 19 | |
| Enter hero's abilities submenu | 4 | |
| Give item / drop item | 4 | |
| Right click | 544 | |
| Select / deselect | 235 | |
| Select group hotkey | 2091 | |
| Use ability | 138 | |
3217 total
» units
| Acolyte | 7 | |
| Ghoul | 8 | |
| Crypt Fiend | 15 | |
| Frost Wyrm | 9 | |
39 total
» upgrades
| Cannibalize | 1 | |
| Creature Attack | 1 | |
| Creature Carapace | 1 | |
| Web | 1 | |
| Burrow | 1 | |
| Freezing Breath | 1 | |
6 total
» buildings
| Graveyard | 1 | |
| Crypt | 1 | |
| Ziggurat | 9 | |
| Altar of Darkness | 1 | |
| Tomb of Relics | 2 | |
| Halls of the Dead | 5 | |
| Spirit Tower | 4 | |
| Necropolis | 1 | |
| Black Citadel | 2 | |
| Sacrificial Pit | 1 | |
| Boneyard | 2 | |
29 total
» build order
00:35 Graveyard
00:38 Crypt
00:41 Ziggurat
00:59 Altar of Darkness
01:17 Ziggurat
01:36 Tomb of Relics
04:28 Ziggurat
04:38 Ziggurat
04:52 Ziggurat
05:51 Halls of the Dead
05:51 Halls of the Dead
05:51 Halls of the Dead
06:02 Spirit Tower
06:02 Spirit Tower
06:53 Ziggurat
07:16 Necropolis
07:35 Ziggurat
07:38 Tomb of Relics
08:28 Black Citadel
09:13 Sacrificial Pit
10:54 Boneyard
11:15 Boneyard
14:52 Ziggurat
14:54 Ziggurat
» items
| Rod of Necromancy | 14 | |
| Sacrificial Skull | 1 | |
| Scroll of Town Portal | 2 | |
| Potion of Healing | 2 | |
| Lesser Clarity Potion | 1 | |
| Scroll of Healing | 2 | |
22 total
OldManWinter (
purple | 43 APM | 2476 actions | 57:37)
9 Archmage
3 Summon Water Elemental
3 Brilliance Aura
1 Mass Teleport
2 Blizzard
» actions
| Assign group hotkey | 18 | |
| Basic commands | 241 | |
| Build / train | 91 | |
| Enter build submenu | 64 | |
| Enter hero's abilities submenu | 10 | |
| Give item / drop item | 7 | |
| Right click | 909 | |
| Select / deselect | 466 | |
| Select group hotkey | 457 | |
| Use ability | 213 | |
2476 total
» units
| Peasant | 25 | |
| Footman | 4 | |
| Gryphon Rider | 7 | |
| Dragonhawk Rider | 2 | |
38 total
» upgrades
| Lumber Harvesting | 2 | |
| Masonry | 3 | |
| Storm Hammers | 1 | |
| Swords | 3 | |
| Armor | 3 | |
| Animal War Training | 1 | |
| Cloud | 1 | |
14 total
» buildings
| Altar of Kings | 1 | |
| Barracks | 1 | |
| Farm | 12 | |
| Scout Tower | 42 | |
| Lumber Mill | 3 | |
| Arcane Vault | 2 | |
| Town Hall | 3 | |
| Keep | 1 | |
| Arcane Tower | 3 | |
| Castle | 1 | |
| Guard Tower | 9 | |
| Gryphon Aviary | 4 | |
| Blacksmith | 2 | |
84 total
» build order
00:36 Altar of Kings
00:38 Barracks
00:50 Farm
00:51 Farm
01:05 Farm
01:35 Farm
02:03 Scout Tower
03:18 Lumber Mill
03:50 Arcane Vault
03:59 Town Hall
04:36 Keep
05:36 Arcane Tower
07:01 Castle
09:46 Scout Tower
09:46 Scout Tower
09:47 Scout Tower
09:47 Scout Tower
09:47 Scout Tower
09:48 Scout Tower
09:48 Scout Tower
09:50 Scout Tower
10:38 Guard Tower
12:02 Scout Tower
12:03 Scout Tower
12:03 Scout Tower
12:05 Scout Tower
12:06 Scout Tower
12:09 Scout Tower
12:10 Scout Tower
12:14 Scout Tower
12:15 Scout Tower
12:17 Scout Tower
12:18 Scout Tower
12:19 Scout Tower
12:43 Guard Tower
13:08 Guard Tower
13:11 Guard Tower
13:23 Scout Tower
14:31 Arcane Tower
14:33 Gryphon Aviary
14:33 Gryphon Aviary
14:34 Gryphon Aviary
14:36 Gryphon Aviary
15:33 Blacksmith
15:36 Blacksmith
16:19 Arcane Tower
16:31 Lumber Mill
17:52 Farm
17:53 Farm
17:59 Farm
17:59 Farm
23:22 Farm
23:23 Farm
23:24 Farm
23:25 Farm
23:29 Lumber Mill
25:40 Town Hall
25:47 Scout Tower
25:47 Scout Tower
25:47 Scout Tower
25:48 Scout Tower
25:51 Scout Tower
25:58 Scout Tower
25:59 Scout Tower
25:59 Scout Tower
26:00 Scout Tower
26:19 Guard Tower
26:24 Guard Tower
27:01 Guard Tower
34:11 Town Hall
34:23 Scout Tower
34:24 Scout Tower
34:24 Scout Tower
34:25 Scout Tower
34:25 Scout Tower
34:28 Scout Tower
34:29 Scout Tower
34:29 Scout Tower
34:30 Scout Tower
34:30 Scout Tower
34:31 Scout Tower
34:34 Arcane Vault
35:19 Guard Tower
36:29 Guard Tower
» items
| Scroll of Regeneration | 3 | |
| Mechanical Critter | 4 | |
| Scroll of Town Portal | 2 | |
| Periapt of Vitality | 2 | |
| Potion of Lesser Invulnerability | 1 | |
| Healing Salve | 2 | |
| Staff of Teleportation | 1 | |
15 total
TOP (
blue | 57 APM | 3300 actions | 57:36)
7 Blademaster
3 Wind Walk
3 Critical Strike
1 Bladestorm
» actions
| Assign group hotkey | 18 | |
| Basic commands | 503 | |
| Build / train | 127 | |
| ESC pressed | 7 | |
| Enter build submenu | 57 | |
| Enter hero's abilities submenu | 7 | |
| Give item / drop item | 5 | |
| Right click | 1144 | |
| Select / deselect | 560 | |
| Select group hotkey | 643 | |
| Use ability | 229 | |
3300 total
» units
| Peon | 36 | |
| Raider | 10 | |
| Troll Batrider | 17 | |
| Wind Rider | 2 | |
65 total
» upgrades
| Melee Weapons | 3 | |
| Armor | 3 | |
| Pillage | 1 | |
| Ensnare | 1 | |
| Reinforced Defenses | 1 | |
| Liquid Fire | 1 | |
10 total
» buildings
| Altar of Storms | 1 | |
| Orc Burrow | 6 | |
| Voodoo Lounge | 1 | |
| War Mill | 3 | |
| Watch Tower | 38 | |
| Stronghold | 3 | |
| Beastiary | 2 | |
| Great Hall | 4 | |
| Fortress | 1 | |
59 total
» build order
00:06 Altar of Storms
00:19 Orc Burrow
00:51 Voodoo Lounge
01:05 War Mill
02:20 Watch Tower
02:26 Watch Tower
03:00 Watch Tower
03:24 Stronghold
03:24 Stronghold
03:24 Stronghold
03:45 Orc Burrow
04:40 Orc Burrow
05:53 Beastiary
05:57 Beastiary
06:58 Orc Burrow
09:02 Great Hall
09:09 Watch Tower
09:09 Watch Tower
10:44 Fortress
11:29 Watch Tower
12:58 Watch Tower
13:27 Great Hall
14:09 Watch Tower
14:09 Watch Tower
14:09 Watch Tower
14:30 Orc Burrow
15:36 Watch Tower
15:37 Watch Tower
15:37 Watch Tower
15:39 Orc Burrow
17:52 Watch Tower
18:12 Watch Tower
19:03 War Mill
19:13 War Mill
19:32 Watch Tower
20:34 Watch Tower
20:53 Watch Tower
22:26 Great Hall
22:32 Watch Tower
22:32 Watch Tower
22:33 Watch Tower
22:33 Watch Tower
23:04 Watch Tower
24:15 Great Hall
26:43 Watch Tower
26:45 Watch Tower
26:46 Watch Tower
26:46 Watch Tower
26:54 Watch Tower
28:13 Watch Tower
29:19 Watch Tower
31:52 Watch Tower
31:52 Watch Tower
31:53 Watch Tower
31:53 Watch Tower
31:54 Watch Tower
31:54 Watch Tower
31:55 Watch Tower
32:37 Watch Tower
» items
| Healing Salve | 7 | |
| Lesser Clarity Potion | 8 | |
| Circlet of Nobility | 4 | |
| Boots of Speed | 2 | |
| Scroll of Town Portal | 7 | |
| Scroll of Speed | 1 | |
| Orb of Lightning | 1 | |
| Potion of Healing | 1 | |
| Potion of Invisibility | 3 | |
| Potion of Lesser Invulnerability | 3 | |
37 total
team 2 (loser)
katanaa (
pink | 47 APM | 1003 actions | 21:23)
4 Mountain King
2 Storm Bolt
2 Bash
1 Paladin
1 Holy Light
» actions
| Assign group hotkey | 18 | |
| Basic commands | 13 | |
| Build / train | 96 | |
| Enter build submenu | 20 | |
| Enter hero's abilities submenu | 5 | |
| Give item / drop item | 2 | |
| Remove unit from queue | 1 | |
| Right click | 315 | |
| Select / deselect | 283 | |
| Select group hotkey | 161 | |
| Use ability | 89 | |
1003 total
» units
| Peasant | 17 | |
| Footman | 14 | |
| Dragonhawk Rider | 4 | |
| Gryphon Rider | 6 | |
| Knight | 3 | |
44 total
» upgrades
| Defend | 1 | |
| Plating | 2 | |
| Swords | 2 | |
| Masonry | 3 | |
| Lumber Harvesting | 2 | |
| Animal War Training | 1 | |
| Cloud | 1 | |
| Storm Hammers | 1 | |
13 total
» buildings
| Barracks | 1 | |
| Altar of Kings | 1 | |
| Farm | 6 | |
| Scout Tower | 4 | |
| Arcane Tower | 1 | |
| Arcane Vault | 1 | |
| Blacksmith | 1 | |
| Lumber Mill | 1 | |
| Town Hall | 2 | |
| Keep | 1 | |
| Guard Tower | 6 | |
| Castle | 1 | |
| Gryphon Aviary | 2 | |
28 total
» build order
00:14 Barracks
00:18 Altar of Kings
00:31 Farm
01:00 Farm
01:32 Scout Tower
01:47 Farm
02:07 Arcane Tower
02:22 Arcane Vault
02:34 Farm
03:00 Blacksmith
03:29 Lumber Mill
06:34 Town Hall
06:47 Keep
07:08 Scout Tower
08:07 Scout Tower
08:09 Guard Tower
09:47 Guard Tower
09:50 Castle
10:04 Gryphon Aviary
11:21 Guard Tower
11:37 Gryphon Aviary
11:47 Farm
12:23 Farm
15:53 Guard Tower
15:59 Guard Tower
16:29 Guard Tower
19:09 Town Hall
19:24 Scout Tower
» items
| Scroll of Regeneration | 3 | |
| Lesser Clarity Potion | 4 | |
| Ivory Tower | 5 | |
| Scroll of Town Portal | 3 | |
| Potion of Healing | 4 | |
| Potion of Mana | 2 | |
| Orb of Fire | 1 | |
22 total

»
wasupretarded (
orange | 67 APM | 2302 actions | 34:12)
4 Mountain King
2 Storm Bolt
2 Bash
4 Blood Mage
2 Banish
1 Flame Strike
1 Siphon Mana
» actions
| Assign group hotkey | 50 | |
| Basic commands | 118 | |
| Build / train | 104 | |
| ESC pressed | 8 | |
| Enter build submenu | 48 | |
| Enter hero's abilities submenu | 8 | |
| Give item / drop item | 1 | |
| Right click | 872 | |
| Select / deselect | 370 | |
| Select group hotkey | 626 | |
| Use ability | 97 | |
2302 total
» units
| Peasant | 10 | |
| Footman | 10 | |
| Gryphon Rider | 26 | |
| Knight | 1 | |
47 total
» upgrades
| Defend | 1 | |
| Swords | 2 | |
| Storm Hammers | 1 | |
| Plating | 1 | |
| Armor | 1 | |
6 total
» buildings
| Farm | 14 | |
| Altar of Kings | 1 | |
| Barracks | 2 | |
| Scout Tower | 13 | |
| Lumber Mill | 1 | |
| Arcane Tower | 2 | |
| Keep | 1 | |
| Guard Tower | 22 | |
| Arcane Vault | 2 | |
| Blacksmith | 1 | |
| Castle | 1 | |
| Gryphon Aviary | 3 | |
| Town Hall | 2 | |
65 total
» build order
00:38 Farm
00:52 Altar of Kings
01:12 Barracks
01:15 Barracks
01:19 Farm
01:35 Scout Tower
01:48 Farm
02:07 Lumber Mill
02:11 Arcane Tower
02:11 Arcane Tower
02:36 Scout Tower
02:41 Farm
03:15 Keep
03:24 Guard Tower
03:24 Guard Tower
03:24 Guard Tower
03:57 Arcane Vault
04:05 Farm
04:23 Scout Tower
04:32 Blacksmith
04:50 Guard Tower
04:55 Farm
05:33 Scout Tower
05:57 Castle
06:18 Farm
06:20 Guard Tower
06:20 Guard Tower
06:30 Gryphon Aviary
07:23 Gryphon Aviary
07:28 Farm
07:51 Gryphon Aviary
08:23 Farm
10:46 Farm
12:08 Farm
13:00 Farm
13:48 Farm
15:54 Scout Tower
16:28 Guard Tower
18:05 Town Hall
18:53 Scout Tower
18:55 Scout Tower
18:56 Scout Tower
20:34 Guard Tower
20:34 Guard Tower
22:07 Guard Tower
22:08 Guard Tower
22:19 Farm
22:22 Scout Tower
22:25 Scout Tower
22:48 Guard Tower
22:59 Arcane Vault
23:19 Guard Tower
23:19 Guard Tower
23:29 Scout Tower
24:21 Scout Tower
24:23 Scout Tower
24:52 Guard Tower
25:18 Guard Tower
25:48 Guard Tower
28:48 Town Hall
» items
| Boots of Speed | 1 | |
| Lesser Clarity Potion | 1 | |
| Scroll of Regeneration | 3 | |
| Scroll of Speed | 1 | |
| Dust of Appearance | 1 | |
| Scroll of Town Portal | 2 | |
| Potion of Healing | 1 | |
| Ivory Tower | 3 | |
| Orb of Fire | 1 | |
14 total
TRUCKDRIVER.BOB (
yellow | 59 APM | 3396 actions | 57:36)
5 Blademaster
3 Wind Walk
2 Critical Strike
4 Shadow Hunter
2 Hex
2 Healing Wave
1 Mountain King
1 Storm Bolt
» actions
| Assign group hotkey | 122 | |
| Basic commands | 9 | |
| Build / train | 86 | |
| Enter build submenu | 31 | |
| Enter hero's abilities submenu | 11 | |
| Give item / drop item | 7 | |
| Right click | 1336 | |
| Select / deselect | 487 | |
| Select group hotkey | 1142 | |
| Use ability | 165 | |
3396 total
» units
| Peon | 25 | |
| Grunt | 5 | |
| Wind Rider | 13 | |
| Troll Batrider | 4 | |
47 total
» upgrades
| Reinforced Defenses | 1 | |
| Envenomed Spears | 1 | |
| Liquid Fire | 1 | |
| Ranged Weapons | 1 | |
| Armor | 2 | |
6 total
» buildings
| Altar of Storms | 1 | |
| Orc Burrow | 10 | |
| Barracks | 1 | |
| Voodoo Lounge | 1 | |
| Stronghold | 2 | |
| War Mill | 1 | |
| Great Hall | 3 | |
| Beastiary | 2 | |
| Fortress | 2 | |
| Watch Tower | 36 | |
59 total
» build order
00:07 Altar of Storms
00:21 Orc Burrow
00:36 Barracks
01:23 Orc Burrow
02:26 Voodoo Lounge
02:59 Stronghold
03:33 War Mill
03:36 Orc Burrow
04:15 Great Hall
07:03 Beastiary
08:18 Fortress
09:36 Beastiary
11:49 Great Hall
11:53 Orc Burrow
12:49 Watch Tower
12:49 Watch Tower
13:35 Watch Tower
13:36 Watch Tower
14:08 Watch Tower
15:40 Watch Tower
15:41 Watch Tower
15:41 Watch Tower
15:42 Watch Tower
15:47 Orc Burrow
15:48 Orc Burrow
16:24 Watch Tower
17:26 Watch Tower
17:27 Watch Tower
17:27 Watch Tower
17:27 Watch Tower
17:28 Watch Tower
17:28 Watch Tower
17:29 Watch Tower
17:50 Watch Tower
17:51 Watch Tower
18:21 Orc Burrow
18:41 Watch Tower
18:41 Watch Tower
19:25 Watch Tower
19:25 Watch Tower
21:53 Watch Tower
21:54 Watch Tower
21:54 Watch Tower
21:55 Watch Tower
23:32 Watch Tower
23:33 Watch Tower
23:33 Watch Tower
23:34 Watch Tower
23:35 Watch Tower
23:35 Watch Tower
27:08 Watch Tower
27:09 Watch Tower
27:09 Watch Tower
44:42 Great Hall
48:48 Orc Burrow
48:48 Orc Burrow
48:51 Orc Burrow
» items
| Healing Salve | 3 | |
| Lesser Clarity Potion | 1 | |
| Potion of Mana | 1 | |
| Scroll of Town Portal | 9 | |
| Tiny Great Hall | 1 | |
| Potion of Lesser Invulnerability | 1 | |
16 total
famousnoob (
red | 43 APM | 640 actions | 14:56)
3 Archmage
1 Summon Water Elemental
2 Brilliance Aura
» actions
| Basic commands | 22 | |
| Build / train | 88 | |
| ESC pressed | 16 | |
| Enter build submenu | 23 | |
| Enter hero's abilities submenu | 3 | |
| Right click | 199 | |
| Select / deselect | 226 | |
| Use ability | 63 | |
640 total
» units
| Peasant | 21 | |
| Centaur Outrunner | 3 | |
| Rifleman | 10 | |
| Harpy Rogue | 4 | |
| Razormane Medicine Man | 2 | |
40 total
» upgrades
| Gunpowder | 1 | |
| Masonry | 1 | |
| Armor | 1 | |
| Swords | 1 | |
| Lumber Harvesting | 1 | |
| Long Rifles | 1 | |
6 total
» buildings
| Lumber Mill | 1 | |
| Farm | 9 | |
| Altar of Kings | 1 | |
| Blacksmith | 1 | |
| Barracks | 1 | |
| Arcane Vault | 1 | |
| Scout Tower | 5 | |
| Town Hall | 2 | |
| Guard Tower | 6 | |
| Arcane Tower | 5 | |
| Keep | 12 | |
| Castle | 1 | |
45 total
» build order
00:08 Lumber Mill
00:14 Farm
00:22 Altar of Kings
03:11 Farm
03:24 Blacksmith
03:39 Barracks
03:49 Farm
04:36 Arcane Vault
04:47 Scout Tower
05:14 Town Hall
05:16 Guard Tower
06:00 Farm
06:03 Farm
06:16 Farm
06:28 Scout Tower
06:49 Scout Tower
07:00 Arcane Tower
07:00 Arcane Tower
07:19 Farm
07:20 Arcane Tower
07:31 Keep
07:32 Keep
07:32 Keep
07:32 Keep
09:11 Farm
10:22 Farm
10:26 Castle
12:15 Keep
12:22 Town Hall
14:07 Scout Tower
14:12 Scout Tower
14:16 Keep
14:41 Guard Tower
14:41 Guard Tower
14:41 Guard Tower
14:43 Guard Tower
14:48 Keep
14:48 Keep
» items
| Scroll of Town Portal | 2 | |
| Potion of Healing | 7 | |
9 total
Chat log
(00:10 / All) TRUCKDRIVER.BOB: dayum
(00:25 / Allies) AliveToKill: yo
(00:27 / Allies) AliveToKill: plan units?
(00:44 / All) TRUCKDRIVER.BOB: dayum mang?
(01:17 / All) TRUCKDRIVER.BOB: y no talk nagger
(01:20 / Allies) AliveToKill: taurens shamans here
(01:55 / All) naggersnjuice: boys have a penis girls have a vagina
(02:03 / All) TRUCKDRIVER.BOB: kindergarden cop
(02:13 / All) naggersnjuice: it is not a tumah
(05:48 / All) TRUCKDRIVER.BOB: blue gtfo
(05:49 / All) TRUCKDRIVER.BOB: nigger
(05:52 / All) TRUCKDRIVER.BOB: im just gonna tower
(05:55 / All) TRUCKDRIVER.BOB: im no threat to u
(10:02 / Allies) AliveToKill: b
(10:15 / Allies) OldManWinter: great
(10:46 / Allies) OldManWinter: help
(11:04 / Allies) AliveToKill: arms
(11:05 / Allies) AliveToKill: hurry
(11:07 / Allies) OldManWinter: help green?
(11:12 / Allies) AliveToKill: call to arms
(11:20 / All) TRUCKDRIVER.BOB: i cant fucking tower orange when im harasse dall game
(11:50 / Allies) OldManWinter: lumber please
(12:47 / Allies) OldManWinter: I need lumbers
(13:56 / All) TRUCKDRIVER.BOB: im positive blue hacks
(13:59 / All) TRUCKDRIVER.BOB: he hits everwhere perfectly
(14:40 / Allies) AliveToKill: cant help air
(14:40 / Allies) AliveToKill: sorry
(14:52 / Allies) AliveToKill: plz get aa someone
(15:17 / Allies) naggersnjuice: gg
(15:21 / Allies) OldManWinter: lumber me
(15:43 / Allies) OldManWinter: green did you help me?
(15:44 / Allies) OldManWinter: no
(15:47 / Allies) OldManWinter: will you give me lumber?
(15:48 / Allies) OldManWinter: no
(15:52 / Allies) OldManWinter: fucking self cetnered homo
(16:06 / All) OldManWinter: "Gg" becaues he's gone
(16:52 / All) OldManWinter: green is the dumbest homo ever
(17:00 / All) wasupretarded: i rapd him
(17:05 / All) OldManWinter: he pinged like 5k times
(17:15 / All) OldManWinter: but just sat in his base when I was helpless
(18:20 / Allies) AliveToKill: tp
(19:13 / Allies) AliveToKill: gold plz
(19:14 / Allies) AliveToKill: lots
(20:02 / Allies) AliveToKill: OMG
(20:04 / Allies) AliveToKill: CONCUSSIONB
(20:09 / Allies) AliveToKill: nm
(21:18 / Allies) AliveToKill: HELP
(23:36 / Allies) OldManWinter: easy base
(23:50 / All) TOP: WOW
(23:53 / All) TOP: TOWER NOOB
(23:56 / All) TOP: NO BRAIN
(23:57 / All) TRUCKDRIVER.BOB: lawl
(24:00 / All) TRUCKDRIVER.BOB: they'll help later on bitch
(24:01 / All) TOP: WAT>?
(24:04 / All) TOP: WAT?
(24:06 / All) TOP: NAH
(24:10 / All) TRUCKDRIVER.BOB: kodo #1
(24:15 / All) TRUCKDRIVER.BOB: just watch, my towers will win it
(24:23 / All) TOP: CRY BITCH
(24:50 / All) TRUCKDRIVER.BOB: just shut up nigger u know u hack
(25:00 / All) TOP: NOOBS ALWAY SAY
(25:04 / All) TOP: HACK"
(25:12 / All) TOP: WANNER 1V1?
(25:14 / All) TOP: BITCH
(25:20 / All) TRUCKDRIVER.BOB: not vs hacker
(25:25 / All) TOP: HAHA
(27:43 / All) TOP: NICE HACK?
(27:44 / All) TOP: HAHA
(28:31 / All) TRUCKDRIVER.BOB: ur gonna die blue
(28:32 / All) TRUCKDRIVER.BOB: right now
(28:33 / All) TRUCKDRIVER.BOB: faggot
(28:37 / All) TRUCKDRIVER.BOB: i bet u , ur a spic
(28:41 / Allies) AliveToKill: expos
(28:47 / Allies) AliveToKill: purple come
(29:00 / Allies) AliveToKill: together
(29:15 / All) TOP: MIRCO YELLOW?
(29:15 / All) TRUCKDRIVER.BOB: lol
(29:16 / All) TOP: WOW?
(29:18 / All) TRUCKDRIVER.BOB: teals bitch ass
(29:21 / All) TOP: WOW?
(29:22 / All) TRUCKDRIVER.BOB: ur still gonna lose
(29:24 / All) TRUCKDRIVER.BOB: cry baby
(29:25 / All) TRUCKDRIVER.BOB: hacker
(29:28 / All) TOP: CRAZY NOOB
(29:40 / All) TRUCKDRIVER.BOB: guarantee 100%
(29:42 / All) TRUCKDRIVER.BOB: U LOSE
(30:04 / All) TRUCKDRIVER.BOB: u cry of towers yet u have towers everywhere
(30:28 / Allies) OldManWinter: faggot
(30:30 / All) TRUCKDRIVER.BOB: what spic country are u from
(30:31 / All) TRUCKDRIVER.BOB: brazil
(30:33 / All) TRUCKDRIVER.BOB: spain
(30:33 / Allies) TOP: WTF BITCH
(30:34 / Allies) OldManWinter: I don't have all day
(30:35 / All) TRUCKDRIVER.BOB: peru
(30:38 / All) TRUCKDRIVER.BOB: has to be one of em
(30:42 / All) wasupretarded: russ?
(30:46 / All) wasupretarded: u forgot russ
(30:49 / All) TRUCKDRIVER.BOB: ur terrible english does you bad rep
(30:51 / Allies) AliveToKill: purple what're you doing?
(30:58 / Allies) OldManWinter: THIS FAGGOT
(30:58 / Allies) AliveToKill: come on man
(31:02 / Allies) OldManWinter: I FUCKING PINGED 50 TIMES
(31:07 / Allies) AliveToKill: let's win it man
(31:08 / Allies) AliveToKill: please
(31:08 / Allies) TOP: ABUSER HERE
(31:09 / Allies) OldManWinter: he's talking shit
(31:45 / Allies) AliveToKill: gold for expo plz
(32:00 / Allies) AliveToKill: purple come on man
(32:01 / Allies) AliveToKill: please stop
(32:05 / Allies) TOP: NO
(32:08 / Allies) TOP: SEE
(32:11 / All) wasupretarded: player like katanaa who is on evry day and still suckin cock at a game made 15 year ago
(32:12 / Allies) TOP: FUCKING ABUSER
(32:24 / Allies) TOP: OR U FRIEND? FUCKING FAGGOT?
(32:26 / All) wasupretarded: i dont get it
(32:36 / Allies) AliveToKill: lets go top
(32:42 / Allies) TOP: NO UNIT
(33:54 / Allies) OldManWinter: loser
(35:01 / All) TRUCKDRIVER.BOB: y u still here spic
(35:04 / All) TRUCKDRIVER.BOB: u arent gonna win this
(35:55 / All) TRUCKDRIVER.BOB: faggot teal
(35:56 / All) TRUCKDRIVER.BOB: leave
(36:43 / Allies) OldManWinter: you're inept blue
(36:51 / Allies) AliveToKill: can u protect my expo plz
(36:56 / All) TRUCKDRIVER.BOB: y u so quiet now spic
(37:28 / Allies) TOP: OK I AFK
(37:31 / Allies) TOP: BYE BYE
(37:32 / Allies) AliveToKill: purple gold please
(37:33 / Allies) TOP: BITCHS
(37:34 / Allies) OldManWinter: lol
(37:36 / Allies) OldManWinter: LOL
(37:41 / Allies) OldManWinter: like that cloud?
(37:57 / Allies) AliveToKill: lmao purple 13k gold
(38:00 / Allies) AliveToKill: share? lol
(38:11 / All) TRUCKDRIVER.BOB: u arent even a good player, blue, its just my team didnt do shit all game
(42:58 / Allies) AliveToKill: dude what the hell
(42:59 / All) TRUCKDRIVER.BOB: oh looky n obase for blue
(43:01 / All) TRUCKDRIVER.BOB: the spic is dead
(43:05 / All) TRUCKDRIVER.BOB: ding dong the spic is dead
(43:27 / All) TRUCKDRIVER.BOB: use ur disc hack blue u know u got it
(44:12 / All) OldManWinter: oh
(44:27 / All) TRUCKDRIVER.BOB: blue post ur main we no doubt have done this to u before
(44:42 / All) AliveToKill: can someone explain what's happening? lol
(44:57 / All) OldManWinter: this was a crooked game right from the start
(45:01 / All) TRUCKDRIVER.BOB: blue violated the trump law of no spics allowed
(45:13 / All) AliveToKill: what are spics?
(45:14 / All) OldManWinter: We're building a wall
(45:16 / All) OldManWinter: and it's gonna be YUGE
(45:19 / All) TRUCKDRIVER.BOB: mexicans
(45:20 / All) TRUCKDRIVER.BOB: beaners
(45:23 / All) TRUCKDRIVER.BOB: border hoppers
(46:11 / All) TRUCKDRIVER.BOB: i like how ur all quiet blue, u know ur seething inside your mexican mouth
(46:22 / All) AliveToKill: blue's gone
(46:32 / All) OldManWinter: he's "afk"
(46:35 / All) TRUCKDRIVER.BOB: trust me
(46:47 / All) AliveToKill: u guys know each other?
(46:48 / All) TRUCKDRIVER.BOB: if purple dc's he'll be "back" immediately
(46:51 / All) AliveToKill: i don't deserve the loss :(
(47:04 / All) OldManWinter: tough break kid
(47:07 / All) OldManWinter: you got allied with blue
(47:16 / All) TRUCKDRIVER.BOB: no u dont but convince blue to leave and ill try to convince purple to give u win
(47:25 / All) AliveToKill: lol.
(47:28 / All) OldManWinter: If blue left he can have the win
(47:31 / All) AliveToKill: not sure i can do that.
(47:33 / All) OldManWinter: he's the only ally that tped to my base
(47:37 / All) OldManWinter: when I was helpless
(47:51 / All) OldManWinter: also gave me some lumber
(47:52 / All) AliveToKill: i would've helped if i had aa lol
(47:57 / All) OldManWinter: green was a faggot as much as blue
(48:00 / All) TRUCKDRIVER.BOB: i could not focus on ur base whatsoever cuz my expo and base was getting hit all game
(48:20 / All) OldManWinter: I was typing in friend chat about your hypocrisy
(48:24 / All) OldManWinter: and was left defenseless
(48:26 / All) TRUCKDRIVER.BOB: pink decided to hit u i guess
(48:29 / All) TRUCKDRIVER.BOB: i wsant sure
(48:33 / All) TRUCKDRIVER.BOB: red and oj did nothing
(48:40 / All) OldManWinter: red was in my base
(48:44 / All) OldManWinter: red and pink were raping me
(48:50 / All) OldManWinter: only teal helped
(49:11 / All) OldManWinter: you came to the wrong neighborhood
(49:12 / All) AliveToKill: lol
(49:16 / All) TRUCKDRIVER.BOB: ya
(49:23 / All) TRUCKDRIVER.BOB: let me ask rod if he wants to play a few
(49:31 / All) AliveToKill: u guys friends?
(49:40 / All) OldManWinter: he's my vassel
(50:26 / All) AliveToKill: soooooo what's gonna happen?
(50:32 / All) AliveToKill: lol
(50:36 / All) TRUCKDRIVER.BOB: we told u if blue doesn go
(51:36 / All) TRUCKDRIVER.BOB: only did it in case u lag
(52:49 / All) OldManWinter: come get some
(53:01 / Allies) AliveToKill: check lol
(55:38 / Allies) AliveToKill: done.
(55:39 / Allies) AliveToKill: lol
(56:02 / Allies) AliveToKill: damn. you're a beast lol